PA
ATHLETIC CLUB KC U-21 @ HAMMOND HERONS
07/10/2023
 
TOP OF THE 1ST
Athletic Club KC U-21 batting - Pitching for Hammond Herons : RHP David Gómez
Pitching: RHP David Gómez
Batting: RHB Aurelio Álvarez 0-0: Ball
1-0: Fly out, F9 (Flyball, 9S)
Batting: RHB Felipe Pabalate 0-0: Ball
1-0: Swinging Strike
1-1: Ground out 6-3 (Groundball, 6M)
Batting: LHB Manuel Domínguez 0-0: Foul Ball, location: 2F
0-1: Foul Ball, location: 2F
0-2: SINGLE (Line Drive, 78S)
Batting: LHB Naohiro Sakai 0-0: Ball
1-0: Called Strike
1-1: Ball
2-1: Ball
3-1: Swinging Strike
3-2: Foul Ball, location: 2F
3-2: Foul Ball, location: 2F
3-2: Base on Balls
Manuel Domínguez to second
Batting: RHB Diego Bonilla 0-0: Ball
1-0: DOUBLE (Line Drive, 3D)
Manuel Domínguez scores
Naohiro Sakai to third
Batting: LHB Tony García 0-0: Called Strike
0-1: Swinging Strike
0-2: Strikes out swinging
Top of the 1st over - 1 run(s), 2 hit(s), 0 error(s), 2 left on base; Athletic Club KC 1 - Hammond 0
BOTTOM OF THE 1ST
Hammond Herons batting - Pitching for Athletic Club KC U-21 : RHP Juan Gusmán
Pitching: RHP Juan Gusmán
Batting: RHB Pancho Núñez 0-0: Ball
1-0: Foul Ball, location: 2F
1-1: Ground out 5-3 (Groundball, 56)
Batting: RHB José Trombelli 0-0: Foul Ball, location: 2F
0-1: Ball
1-1: Swinging Strike
1-2: Ball
2-2: Strikes out swinging
Batting: RHB António Guzmán 0-0: Called Strike
0-1: Ball
1-1: Ball
2-1: Ground out 5-3 (Groundball, 5L)
Bottom of the 1st over - 0 run(s), 0 hit(s), 0 error(s), 0 left on base; Athletic Club KC 1 - Hammond 0
TOP OF THE 2ND
Athletic Club KC U-21 batting - Pitching for Hammond Herons : RHP David Gómez
Batting: RHB Iván Chacón 0-0: Called Strike
0-1: Ball
1-1: Ball
2-1: Ball
3-1: Ground out 5-3 (Groundball, 5S)
Batting: RHB Pedro Silva 0-0: Ball
1-0: Called Strike
1-1: Ball
2-1: Ball
3-1: Base on Balls
Batting: RHB Altifício Azor 0-0: Ball
1-0: Ball
2-0: Fly out, F8 (Line Drive, 8RM)
Batting: RHB Aurelio Álvarez 0-0: Ball
1-0: Ball
2-0: Foul Ball, location: 2F
2-1: Ball
3-1: Ground out 5-3 (Groundball, 5S)
Top of the 2nd over - 0 run(s), 0 hit(s), 0 error(s), 1 left on base; Athletic Club KC 1 - Hammond 0
BOTTOM OF THE 2ND
Hammond Herons batting - Pitching for Athletic Club KC U-21 : RHP Juan Gusmán
Batting: LHB Ferris Minor 0-0: Ball
1-0: Swinging Strike
1-1: Called Strike
1-2: Foul Ball, location: 2F
1-2: Strikes out swinging
Batting: RHB Edward Payne 0-0: Called Strike
0-1: Foul Ball, location: 2F
0-2: Ball
1-2: Ball
2-2: Ball
3-2: Foul Ball, location: 2F
3-2: Foul Ball, location: 2F
3-2: SOLO HOME RUN (Flyball, 8LXD), Distance : 427 ft
Batting: RHB Fernando Martínez 0-0: Called Strike
0-1: Ball
1-1: Fly out, F9 (Line Drive, 9LM)
Batting: RHB Theodore York 0-0: Ball
1-0: Ball
2-0: Called Strike
2-1: Foul Ball, location: 2F
2-2: Ball
3-2: SINGLE (Groundball, 13) (infield hit)
Batting: SHB Will Boyle 0-0: Ball
1-0: Ball
2-0: Ball
3-0: Called Strike
3-1: Base on Balls
Theodore York to second
Batting: RHB Sergio Pérez 0-0: Foul Ball, location: 2F
0-1: Foul Ball, location: 2F
0-2: Strikes out looking
Bottom of the 2nd over - 1 run(s), 2 hit(s), 0 error(s), 2 left on base; Athletic Club KC 1 - Hammond 1
TOP OF THE 3RD
Athletic Club KC U-21 batting - Pitching for Hammond Herons : RHP David Gómez
Batting: RHB Felipe Pabalate 0-0: Swinging Strike
0-1: Ball
1-1: Ball
2-1: Ball
3-1: Base on Balls
Batting: LHB Manuel Domínguez 0-0: 2-RUN HOME RUN (Flyball, 89XD), Distance : 372 ft
Batting: LHB Naohiro Sakai 0-0: Swinging Strike
0-1: Ground out 4-3 (Groundball, 4)
Batting: RHB Diego Bonilla 0-0: Called Strike
0-1: SINGLE (Line Drive, 89S)
Batting: LHB Tony García 0-0: Called Strike
0-1: Ground out 4-3 (Groundball, 4M)
Diego Bonilla to second
Batting: RHB Iván Chacón 0-0: Ball
1-0: Ball
2-0: Called Strike
2-1: SINGLE (Line Drive, 6MD)
Diego Bonilla to third
Runner from 3rd tries for Home, SAFE, no throw or cutoff
Batting: RHB Pedro Silva 0-0: Ball
1-0: Ball
2-0: Ball
3-0: Called Strike
3-1: Fly out, F5 (Popup, 5SF)
Top of the 3rd over - 3 run(s), 3 hit(s), 0 error(s), 1 left on base; Athletic Club KC 4 - Hammond 1
BOTTOM OF THE 3RD
Hammond Herons batting - Pitching for Athletic Club KC U-21 : RHP Juan Gusmán
Batting: RHB Pancho Núñez 0-0: Ball
1-0: Ball
2-0: Called Strike
2-1: Ball
3-1: Ground out 5-3 (Groundball, 56)
Batting: RHB José Trombelli 0-0: Foul Ball, location: 2F
0-1: Called Strike
0-2: Ground out 5-3 (Groundball, 56)
Batting: RHB António Guzmán 0-0: Foul Ball, location: 2F
0-1: Ball
1-1: Ball
2-1: Ball
3-1: Base on Balls
Batting: LHB Ferris Minor 0-0: Foul Ball, location: 2F
0-1: Foul Ball, location: 2F
0-2: Foul Ball, location: 2F
0-2: Strikes out swinging
Bottom of the 3rd over - 0 run(s), 0 hit(s), 0 error(s), 1 left on base; Athletic Club KC 4 - Hammond 1
TOP OF THE 4TH
Athletic Club KC U-21 batting - Pitching for Hammond Herons : RHP David Gómez
Batting: RHB Altifício Azor 0-0: Called Strike
0-1: Ball
1-1: Called Strike
1-2: Ball
2-2: Strikes out swinging
Batting: RHB Aurelio Álvarez 0-0: Called Strike
0-1: Fly out, F9 (Flyball, 9LM)
Batting: RHB Felipe Pabalate 0-0: Ball
1-0: Swinging Strike
1-1: Foul Ball, location: 2F
1-2: Strikes out looking
Top of the 4th over - 0 run(s), 0 hit(s), 0 error(s), 0 left on base; Athletic Club KC 4 - Hammond 1
BOTTOM OF THE 4TH
Hammond Herons batting - Pitching for Athletic Club KC U-21 : RHP Juan Gusmán
Batting: RHB Edward Payne 0-0: Called Strike
0-1: Ball
1-1: Called Strike
1-2: Ball
2-2: Ball
3-2: Ground out 4-3 (Groundball, 4M)
Batting: RHB Fernando Martínez 0-0: Fly out, F4 (Popup, 4)
Batting: RHB Theodore York 0-0: Ball
1-0: Called Strike
1-1: Called Strike
1-2: Ball
2-2: Strikes out swinging
Bottom of the 4th over - 0 run(s), 0 hit(s), 0 error(s), 0 left on base; Athletic Club KC 4 - Hammond 1
TOP OF THE 5TH
Athletic Club KC U-21 batting - Pitching for Hammond Herons : RHP David Gómez
Batting: LHB Manuel Domínguez 0-0: Ball
1-0: Ball
2-0: Called Strike
2-1: Ball
3-1: Base on Balls
Batting: LHB Naohiro Sakai 0-0: Called Strike
Manuel Domínguez steals 2nd base
0-1: Called Strike
0-2: Strikes out swinging
Batting: RHB Diego Bonilla 0-0: Ground out 5-3 (Groundball, 56)
Batting: LHB Tony García 0-0: Ball
1-0: Ball
2-0: Ball
3-0: Called Strike
3-1: Ground out 6-3 (Groundball, 6)
Top of the 5th over - 0 run(s), 0 hit(s), 0 error(s), 1 left on base; Athletic Club KC 4 - Hammond 1
BOTTOM OF THE 5TH
Hammond Herons batting - Pitching for Athletic Club KC U-21 : RHP Juan Gusmán
Batting: SHB Will Boyle 0-0: Fly out, F7 (Popup, 7LS)
Batting: RHB Sergio Pérez 0-0: Foul Ball, location: 2F
0-1: Ball
1-1: Ball
2-1: Ball
3-1: Called Strike
3-2: Strikes out swinging
Batting: RHB Pancho Núñez 0-0: Foul Ball, location: 2F
0-1: Ball
1-1: Foul Ball, location: 2F
1-2: Ground out 4-3 (Groundball, 4)
Bottom of the 5th over - 0 run(s), 0 hit(s), 0 error(s), 0 left on base; Athletic Club KC 4 - Hammond 1
TOP OF THE 6TH
Athletic Club KC U-21 batting - Pitching for Hammond Herons : RHP David Gómez
Batting: RHB Iván Chacón 0-0: Ball
1-0: SINGLE (Flyball, 8RS)
Batting: RHB Pedro Silva 0-0: Sac Bunt - play at first, batter OUT! 1-4
Iván Chacón to second
Batting: RHB Altifício Azor 0-0: Swinging Strike
0-1: Ball
1-1: SINGLE (Line Drive, 89S)
Iván Chacón to third
Batting: RHB Aurelio Álvarez 0-0: Ball
1-0: Ball
2-0: Foul Ball, location: 2F
2-1: Called Strike
2-2: Foul Ball, location: 2F
2-2: Ball
3-2: Foul Ball, location: 2F
3-2: Base on Balls
Altifício Azor to second
Batting: RHB Felipe Pabalate 0-0: Called Strike
0-1: Ball
1-1: Ball
2-1: Ball
3-1: Base on Balls
Iván Chacón scores
Altifício Azor to third
Aurelio Álvarez to second
Batting: LHB Manuel Domínguez 0-0: Called Strike
0-1: Fly out, F8 (Flyball, 8LM)
Runner from 3rd tags up, OUT at HOME
Top of the 6th over - 1 run(s), 2 hit(s), 0 error(s), 2 left on base; Athletic Club KC 5 - Hammond 1
BOTTOM OF THE 6TH
Hammond Herons batting - Pitching for Athletic Club KC U-21 : RHP Juan Gusmán
Batting: RHB José Trombelli 0-0: Swinging Strike
0-1: Foul Ball, location: 2F
0-2: DOUBLE (Groundball, 5L)
Batting: RHB António Guzmán 0-0: Foul Ball, location: 2F
0-1: Ball
1-1: Fly out, F8 (Flyball, 8LXD)
Runner from 2nd tags up, SAFE at 3rd, no throw
Batting: LHB Ferris Minor 0-0: Ball
1-0: Ball
2-0: SINGLE (Flyball, 89S)
José Trombelli scores
Batting: RHB Edward Payne 0-0: Foul Ball, location: 2F
0-1: Called Strike
0-2: Ball
Pickoff Throw to First - Out!
1-2: Foul Ball, location: 2F
1-2: Foul Ball, location: 2F
1-2: Ball
2-2: Foul Ball, location: 2F
2-2: Foul Ball, location: 2F
2-2: Ground out 4-3 (Groundball, 4)
Bottom of the 6th over - 1 run(s), 2 hit(s), 0 error(s), 0 left on base; Athletic Club KC 5 - Hammond 2
TOP OF THE 7TH
Athletic Club KC U-21 batting - Pitching for Hammond Herons : RHP David Gómez
Batting: LHB Naohiro Sakai 0-0: Called Strike
0-1: Ground out 4-3 (Groundball, 4M)
Batting: RHB Diego Bonilla 0-0: Ball
1-0: Ball
2-0: Ball
3-0: Called Strike
3-1: Called Strike
3-2: Strikes out swinging
Batting: LHB Tony García 0-0: Foul Ball, location: 2F
0-1: Foul Ball, location: 2F
0-2: Ball
1-2: Ground out 1-3 (Groundball, 13S)
Top of the 7th over - 0 run(s), 0 hit(s), 0 error(s), 0 left on base; Athletic Club KC 5 - Hammond 2
BOTTOM OF THE 7TH
Hammond Herons batting - Pitching for Athletic Club KC U-21 : RHP Juan Gusmán
Batting: RHB Fernando Martínez 0-0: Ball
1-0: Ball
2-0: Ground out 5-3 (Groundball, 15S)
Batting: RHB Theodore York 0-0: Called Strike
0-1: Swinging Strike
0-2: Strikes out swinging
Batting: SHB Will Boyle 0-0: Reached on Error, E9 (Flyball, 89M)
Pitching: RHP Roland Allen
Batting: RHB Sergio Pérez 0-0: Called Strike
0-1: Ball
1-1: Foul Ball, location: 2F
1-2: Ball
2-2: Strikes out swinging
Bottom of the 7th over - 0 run(s), 0 hit(s), 1 error(s), 1 left on base; Athletic Club KC 5 - Hammond 2
TOP OF THE 8TH
Athletic Club KC U-21 batting - Pitching for Hammond Herons : RHP David Gómez
Pitching: RHP Jorge Vázquez
Batting: RHB Iván Chacón 0-0: Ball
1-0: Foul Ball, location: 2F
1-1: Ball
2-1: Foul Ball, location: 2F
2-2: Strikes out looking
Batting: RHB Pedro Silva 0-0: Foul Ball, location: 2F
0-1: Ball
1-1: Ball
2-1: Ball
3-1: Ground out 6-3 (Groundball, 56)
Batting: RHB Altifício Azor 0-0: Ground out U3 (Groundball, 3)
Top of the 8th over - 0 run(s), 0 hit(s), 0 error(s), 0 left on base; Athletic Club KC 5 - Hammond 2
BOTTOM OF THE 8TH
Hammond Herons batting - Pitching for Athletic Club KC U-21 : RHP Roland Allen
Batting: RHB Pancho Núñez 0-0: Called Strike
0-1: Swinging Strike
0-2: Ball
1-2: Ball
2-2: Foul Ball, location: 2F
2-2: Ball
3-2: SINGLE (Line Drive, 56D)
Batting: RHB José Trombelli 0-0: Called Strike
0-1: TRIPLE (Flyball, 8LXD)
Pancho Núñez scores
Batting: RHB António Guzmán 0-0: Ball
1-0: Ball
2-0: Called Strike
2-1: Ball
3-1: Base on Balls
Pitching: LHP Alonso Muñíz
Pinch Runner at 1st Miguel Rodríguez:
Pinch Hitting: RHB Brian Soto 0-0: Called Strike
0-1: Swinging Strike
0-2: Ball
1-2: Strikes out looking
Pitching: RHP Dempster Kelly
Batting: RHB Edward Payne 0-0: Ball
1-0: Called Strike
1-1: Foul Ball, location: 2F
1-2: SINGLE (Groundball, 6MD)
José Trombelli scores
Miguel Rodríguez to second
Runner from 2nd tries for 3rd, OUT after rundown.
Batting: RHB Fernando Martínez 0-0: Foul Ball, location: 2F
0-1: Ball
1-1: SINGLE (Flyball, 78S)
Edward Payne to second
Pinch Hitting: LHB Koen van den Bogaert 0-0: Foul Ball, location: 2F
0-1: Fly out, F9 (Flyball, 89M)
Bottom of the 8th over - 2 run(s), 4 hit(s), 0 error(s), 2 left on base; Athletic Club KC 5 - Hammond 4
TOP OF THE 9TH
Athletic Club KC U-21 batting - Pitching for Hammond Herons : RHP Jorge Vázquez
Now at 1B: Koen van den Bogaert
Now at 2B: Miguel Rodríguez
Now in RF: Brian Soto
Batting: RHB Aurelio Álvarez 0-0: Called Strike
0-1: Swinging Strike
0-2: Ball
1-2: SOLO HOME RUN (Flyball, 7LD), Distance : 323 ft
Batting: RHB Felipe Pabalate 0-0: Called Strike
0-1: SOLO HOME RUN (Flyball, 7LD), Distance : 342 ft
Batting: LHB Manuel Domínguez 0-0: Ball
1-0: Ball
2-0: Ground out U3 (Groundball, 3L)
Batting: LHB Naohiro Sakai 0-0: Foul Ball, location: 2F
0-1: Ball
1-1: SINGLE (Groundball, 6MD) (infield hit)
Batting: RHB Diego Bonilla 0-0: Foul Ball, location: 2F
0-1: Foul Ball, location: 2F
0-2: Fly out, F8 (Flyball, 8LM)
Batting: LHB Tony García 0-0: Ball
1-0: SINGLE (Line Drive, 34)
Naohiro Sakai to second
Batting: RHB Iván Chacón 0-0: Ball
1-0: Ground out 6-3 (Groundball, 56)
Top of the 9th over - 2 run(s), 4 hit(s), 0 error(s), 2 left on base; Athletic Club KC 7 - Hammond 4
BOTTOM OF THE 9TH
Hammond Herons batting - Pitching for Athletic Club KC U-21 : RHP Dempster Kelly
Pitching: RHP Rich Gibbs
Batting: SHB Will Boyle 0-0: SINGLE (Groundball, 3D)
Batting: RHB Sergio Pérez 0-0: Ball
1-0: Fielders Choice at 2nd, 6-4 (Groundball, 6)
Batting: RHB Pancho Núñez 0-0: Ball
1-0: Swinging Strike
1-1: Called Strike
1-2: Strikes out looking
Batting: RHB José Trombelli 0-0: Ball
1-0: Swinging Strike
1-1: Called Strike
1-2: Foul Ball, location: 2F
1-2: Strikes out swinging
Bottom of the 9th over - 0 run(s), 1 hit(s), 0 error(s), 1 left on base; Athletic Club KC 7 - Hammond 4
This league is powered by Out of the Park Baseball, the baseball management simulation game for PC, Mac and Linux
Friday, July 8th, 2016 - OOTP Baseball 16.9 Build 39